 Dungeon Crawl Stone Soup version 0.29.0-4-gdea44cf6ec (webtiles) character file.

Game seed: 7746303411948038087

68 qw the Chopper (level 4, -6/36 HPs)
             Began as a Barachi Chaos Knight on Sept 4, 2022.
             Splashed by a jelly's acid (10 damage)
             ... on level 2 of the Dungeon.
             The game lasted 00:00:51 (1937 turns).

qw the Chopper (Barachi Chaos Knight)               Turns: 1937, Time: 00:00:52

Health: -6/36      AC:  0    Str: 15    XL:     4   Next: 19%
Magic:  4/4        EV:  4    Int: 12    God:
Gold:   109        SH:  0    Dex: 12    Spells: 3/3 levels left

rFire   . . .      SeeInvis .   Y - +0 hand axe (chaos)
rCold   . . .      Faith    .   (no shield)
rNeg    . . .      Spirit   .   n - +0 plate armour
rPois   .          Reflect  .   (no helmet)
rElec   .          Harm     .   (no cloak)
rCorr   .          Rampage  .   (no gloves)
Will    .....                   (no boots)
Stlth   ..........              (no amulet)
HPRegen 0.12/turn               (no ring)
MPRegen 0.09/turn               (no ring)

@: corroded, slow
A: amphibious, slowness 1, strong legs 1, +LOS
a: Hop


You were on level 2 of the Dungeon.
You visited 1 branch of the dungeon, and saw 2 of its levels.

You collected 109 gold pieces.


Innate Abilities, Weirdness & Mutations

You are amphibious.
You cover ground slowly.
You can hop short distances.
You have an extended range of vision and can be seen from far away.


   Skills:
 - Level 3.6 Fighting
 + Level 5.4 Axes
 - Level 2.4 Armour
 - Level 1.1 Dodging


You had 3 spell levels left.
You didn't know any spells.
Your spell library was empty.

Inventory:

Hand Weapons
 l - a +0 mace
 Y - a +0 hand axe of chaos (weapon)
Armour
 g - a +0 buckler
 n - a +0 plate armour (worn)
Scrolls
 a - 2 scrolls of identify
 b - a scroll of teleportation {unknown}
Potions
 d - a potion of heal wounds {unknown}
 e - a potion of magic {unknown}
 f - a potion of attraction {unknown}
 i - a potion of cancellation {unknown}
 j - 2 potions of brilliance {unknown}
 k - a potion of curing {unknown}
Miscellaneous
 c - a piece from Xom's chessboard (15/15)

Dungeon Overview and Level Annotations

Branches:
Dungeon (2/15)

Altars:


Message History

You closely miss the kobold.
The kobold is severely wounded.
The kobold hits you but does no damage.
You hit the kobold but do no damage.
The kobold is poisoned.
The kobold is severely wounded.
The kobold hits you but does no damage.
You closely miss the kobold.
The kobold is severely wounded.
The kobold hits you but does no damage.
You hit the kobold.
You kill the kobold!
You start resting.
HP restored.
Things that are here:
a +0 club; a kobold corpse As you open the door, it creaks loudly! 3 endoplasms come into view.
The endoplasm quivers. x3
A jelly comes into view.
You hit the jelly.
The jelly seems to grow stronger.
Your hands burn!
The jelly is lightly wounded.
The jelly hits you but does no damage.
You hit the jelly.
The jelly goes berserk!
Your hands burn!
The jelly is moderately wounded.
The jelly hits you but does no damage.
An endoplasm comes into view. x2
The jelly hits you. The acid corrodes you!
You are splashed with acid.
You slash the jelly! You freeze the jelly. The acid corrodes you!
Your hands burn!
The jelly is severely wounded.
An endoplasm comes into view.
The endoplasm hits the fungus.
The fungus begins to die.
The jelly barely misses you.
1936 ||| Stepping ~*~*~tactically~*~*~ (stealth).
The jelly barely misses you.
You hit the jelly but do no damage. The acid corrodes you!
Your hands burn!
The jelly is severely wounded.
The jelly hits you.
You are splashed with acid!
The jelly hits you.
You are splashed with acid!
You die...

#.............#.............###..
###.######################### #..
#.# ### #.. #.# #######.## #.)
#.#####....#.#)# #..
#.#.##.....#.#.# ####.%
#.#.)......#'#.# ###.....
#.)))........#.# #.'.....
###.'.....[..#@# #.#....#
#.##.......#J# #.#....#
#####......##J.P.J..##.#....#
######## #......##.#....#
########.#....# #.#....# #.#....#
#.#....# #....#


You could see a jelly (berserk, strong) and an endoplasm.

Vanquished Creatures
  An adder (D:2)
  2 worms (D:2)
  3 dart slugs
  6 ball pythons
  3 endoplasms (D:2)
  A giant cockroach (D:1)
  4 goblins
  A hobgoblin (D:1)
  3 jackals
  3 quokkas (D:2)
  2 bats
  A frilled lizard (D:1)
  10 kobolds (D:2)
  5 rats
45 creatures vanquished.

Vanquished Creatures (others)
  8 fungi (D:2)
  12 toadstools
20 creatures vanquished.

Grand Total: 65 creatures vanquished

Notes
Turn   | Place    | Note
-------+----------+-------------------------------------------
     0 | D:1      | qw the Barachi Chaos Knight began the quest for the Orb.
     0 | D:1      | Reached XP level 1. HP: 18/18 MP: 1/1
     0 | D:1      | 0 ||| qw: Version: 0.1-a-103-gd6f5d3a
     0 | D:1      | 0 ||| qw: Game counter: 5582
     0 | D:1      | 0 ||| qw: Always use a shield: true
     0 | D:1      | 0 ||| qw: God list: Okawaru
     0 | D:1      | 0 ||| qw: Allow faded altars: false
     0 | D:1      | 0 ||| qw: Do Orc after D:15 true
     0 | D:1      | 0 ||| qw: Do second Lair branch before Depths: true
     0 | D:1      | 0 ||| qw: Lair rune preference: random
     0 | D:1      | 0 ||| qw: Plans: Normal
     0 | D:1      | 0 ||| PLANNING D:1-11
     0 | D:1      | Fell from the grace of Xom
   105 | D:1      | 105 ||| Stepping ~*~*~tactically~*~*~ (hiding).
   223 | D:1      | 223 ||| Stepping ~*~*~tactically~*~*~ (stealth).
   474 | D:1      | Reached XP level 2. HP: 21/24 MP: 2/2
   503 | D:1      | 503 ||| Stepping ~*~*~tactically~*~*~ (hiding).
   504 | D:1      | 504 ||| Stepping ~*~*~tactically~*~*~ (hiding).
   512 | D:1      | Reached skill level 4 in Axes
   617 | D:1      | XOM: god gift: worn ivory wand {god gift}
   847 | D:1      | 847 ||| Stepping ~*~*~tactically~*~*~ (stealth).
   861 | D:1      | 861 ||| Stepping ~*~*~tactically~*~*~ (hiding).
   862 | D:1      | 862 ||| Stepping ~*~*~tactically~*~*~ (hiding).
  1075 | D:1      | 1075 ||| UPGRADING to +0 ring mail.
  1085 | D:1      | 1085 ||| DROPPING +2 leather armour.
  1086 | D:1      | 1086 ||| UPGRADING to +0 plate armour.
  1096 | D:1      | 1096 ||| DROPPING +0 ring mail.
  1097 | D:1      | 1097 ||| READING 2 scrolls labelled BEOZ AVAXOSHYBI.
  1098 | D:1      | 1098 ||| READING scroll labelled FAGHUFROXIG.
  1099 | D:1      | 1099 ||| READING scroll labelled RIVAWA PEFOCIOS.
  1167 | D:2      | 1167 ||| Stepping ~*~*~tactically~*~*~ (stealth).
  1178 | D:2      | Reached XP level 3. HP: 26/29 MP: 3/3
  1188 | D:2      | 1188 ||| FLEEEEING.
  1189 | D:2      | 1189 ||| FLEEEEING.
  1190 | D:2      | 1190 ||| FLEEEEING.
  1203 | D:2      | 1203 ||| FLEEEEING.
  1204 | D:2      | 1204 ||| FLEEEEING.
  1211 | D:2      | 1211 ||| STAIRDANCE
  1335 | D:1      | XOM: summons 1 hostile shadow creature
  1459 | D:2      | Reached skill level 5 in Axes
  1674 | D:2      | 1674 ||| Stepping ~*~*~tactically~*~*~ (stealth).
  1676 | D:2      | 1676 ||| Stepping ~*~*~tactically~*~*~ (stealth).
  1677 | D:2      | 1677 ||| Stepping ~*~*~tactically~*~*~ (stealth).
  1721 | D:2      | 1721 ||| Stepping ~*~*~tactically~*~*~ (stealth).
  1733 | D:2      | 1733 ||| Stepping ~*~*~tactically~*~*~ (stealth).
  1754 | D:2      | 1754 ||| Stepping ~*~*~tactically~*~*~ (stealth).
  1776 | D:2      | Identified the +7 short sword of Defiance {holy, Int+2}
  1796 | D:2      | 1796 ||| Stepping ~*~*~tactically~*~*~ (stealth).
  1798 | D:2      | 1798 ||| Stepping ~*~*~tactically~*~*~ (stealth).
  1824 | D:2      | Reached XP level 4. HP: 36/36 MP: 4/4
  1936 | D:2      | 1936 ||| Stepping ~*~*~tactically~*~*~ (stealth).
  1937 | D:2      | HP: 7/36 [acid (8)]
  1937 | D:2      | Splashed by a jelly's acid

Levels and vault maps discovered:
D:1:      ldierk_walled_garden, layout_loops_ring,
          chequers_serial_rivers_micro_d
D:2:      cheibrodos_fertilizer, layout_basic, basic_altar,
          minmay_three_crescents

Skill      XL: |  1  2  3 |
---------------+----------+-----
Axes           | 4 5 |  5.4
Fighting       | |  3.6
Armour         | |  2.4
Dodging        | |  1.1

Action                   |  1- 3 |  4- 6 || total
-------------------------+-------+-------++-------
Melee: Hand axe          |    94 |    26 ||   120
       Punch             |     2 |       ||     2
Invok: Renounce Religion |     1 |       ||     1
  Use: Scroll            |     3 |       ||     3
Armor: Leather armour    |     9 |       ||     9
       Plate armour      |    31 |    22 ||    53
Dodge: Dodged            |    21 |     8 ||    29

Table legend:
 A = Non-vault XP
 B = Vault XP
 C = Vault XP percentage of total XP
 D = Non-vault monster count
 E = Vault monster count
 F = Vault count percentage of total count
                 A         B        C        D         E       F
            +---------+---------+-------+---------+---------+-------
      Total |      64 |      34 |  34.7 |      31 |      14 |  31.1
            +---------+---------+-------+---------+---------+-------
        D:1 |      29 |       0 |   0.0 |      15 |       0 |   0.0
        D:2 |      35 |      34 |  49.3 |      16 |      14 |  46.7
            +---------+---------+-------+---------+---------+-------
